 Dungeon Crawl Stone Soup version 0.28-a0-674-gdaf460b524 (webtiles) character file.

Game seed: 2414837065296000104

18039 Irenicus the Earth Mage (level 12, -8/97 HPs)
             Began as a Deep Dwarf Earth Elementalist on Oct 17, 2021.
             Was a High Priest of Makhleb.
             Mangled by a very large slime creature (55 damage)
             ... on level 12 of the Dungeon.
             The game lasted 01:08:19 (6516 turns).

Irenicus the Earth Mage (DDEE)                      Turns: 6516, Time: 01:08:20

Health: -8/97      AC: 17    Str: 19    XL:     12   Next: 24%
Magic:  0/27       EV: 15    Int: 19    God:    Makhleb [*****.]
Gold:   562        SH:  6    Dex: 19    Spells: 26/33 levels left

rFire   . . .      SeeInvis +   I - +1 dagger (venom)
rCold   . . .      Faith    .   k - +0 buckler
rNeg    . . .      Spirit   .   d - +6 ring mail of Stoicism {rPois Regen+ Int-3 SInv}
rPois   +          Reflect  .   J - +1 helmet
rElec   .          Harm     .   b - +0 cloak
rCorr   .          Rampage  .   (no gloves)
Will    +....                   C - +1 pair of boots
Stlth   ++........              (no amulet)
HPRegen 0.00/turn               D - +6 ring of dexterity
MPRegen 0.20/turn               S - +6 ring of strength

@: unable to read
A: damage resistance, heal wounds, sense surroundings 2, no regeneration, clever
1, mutation resistance 1, inability to read while threatened
a: Heal Wounds, Renounce Religion, Minor Destruction, Lesser Servant of Makhleb,
Major Destruction, Greater Servant of Makhleb


You were on level 12 of the Dungeon.
You worshipped Makhleb.
Makhleb was extremely pleased with you.
You visited 2 branches of the dungeon, and saw 13 of its levels.
You also visited: Sewer.

You collected 590 gold pieces.
You spent 28 gold pieces at shops.


Innate Abilities, Weirdness & Mutations

You are resistant to damage.
You can heal yourself by infusing magical energy.
You passively map the area around you.
You do not regenerate.
Your mind is acute. (Int +2)
You are somewhat resistant to further mutation.
You sometimes lose the ability to read scrolls when taking damage.


   Skills:
 - Level 3.0 Fighting
 + Level 5.4 Armour
 + Level 7.0 Dodging
 - Level 2.4 Stealth
 - Level 4.0 Shields
 - Level 11.0 Spellcasting
 - Level 3.0 Translocations
 - Level 0.8 Transmutations
 - Level 17.0 Earth Magic
 - Level 3.1 Evocations


You had 26 spell levels left.
You knew the following spells:

 Your Spells              Type           Power      Damage    Failure   Level
g - Apportation           Tloc           42%        N/A       3%          1
t - Stone Arrow           Conj/Erth      84%        3d12      1%          3
w - Passwall              Tmut/Erth      36%        N/A       1%          2
z - Sandblast             Erth           100%       2d20      0%          1

Your spell library contained the following spells:

 Spells                   Type           Power      Damage    Failure   Level
 Petrify                  Tmut/Erth      44%        N/A       2%          4
 Foxfire                  Conj/Fire      40%        2x1d6     11%         1
 Passage of Golubria      Tloc           21%        N/A       30%         4
 Ozocubu's Armour         Ice            10%        N/A       32%         3
 Tukima's Dance           Hex            10%        N/A       32%         3
 Airstrike                Air            5%         N/A       71%         4
 Summon Lightning Spire   Summ/Air       10%        N/A       71%         4
 Alistair's Intoxication  Tmut/Pois      8%         N/A       94%         5
 Yara's Violent Unravell  Hex/Tmut       6%         3d5       94%         5
 Lightning Bolt           Conj/Air       5%         1d17      96%         5
 Metabolic Englaciation   Hex/Ice        5%         N/A       96%         5
 Invisibility             Hex            5%         N/A       100%        6
 Simulacrum               Ice/Necr       5%         N/A       100%        6

Inventory:

Hand Weapons
 n - a +0 dagger of electrocution
 q - a +3 dagger of speed
 I - a +1 dagger of venom (weapon)
Missiles
 c - 106 stones
 t - 3 throwing nets {=f}
Armour
 b - a +0 cloak (worn)
 d - the +6 ring mail of Stoicism (worn) {rPois Regen+ Int-3 SInv}
   (You found it on level 6 of the Dungeon)

   Int:       It affects your intelligence (-3).
   rPois:     It protects you from poison.
   SInv:      It lets you see invisible.
   Regen:     It increases your rate of health regeneration.
 k - a +0 buckler (worn)
 u - +0 acid dragon scales
 C - a +1 pair of boots (worn)
 G - the +1 ring mail "Ytiumoad" {Int+3}
   (You found it on level 9 of the Dungeon)

   Int:       It affects your intelligence (+3).
 J - a +1 helmet (worn)
Jewellery
 D - a +6 ring of dexterity (left hand)
 S - a +6 ring of strength (right hand)
Wands
 f - a wand of polymorph (17)
 l - a wand of mindburst (12)
 z - a wand of digging (6)
 F - a wand of charming (7)
Scrolls
 e - a scroll of magic mapping
 i - 6 scrolls of identify {@r1}
 j - 3 scrolls of immolation
 m - a scroll of enchant armour
 w - 2 scrolls of fog
 x - a scroll of teleportation {@r2}
 y - 3 scrolls of blinking
 B - 5 scrolls of enchant weapon
 E - a scroll of holy word
Potions
 a - 2 potions of flight
 g - a potion of might
 h - 2 potions of mutation
 o - 2 potions of cancellation
 p - 6 potions of brilliance
 r - a potion of berserk rage {!q}
 s - a potion of haste {@q3}
 A - a potion of resistance
 H - 2 potions of curing {@q1}
 K - a potion of lignification

Dungeon Overview and Level Annotations

Branches:
Dungeon (12/15)            Temple (1/1) D:6            Lair (0/6) D:9
  Sewer (visited)
    Orc: D:9-12

Altars:
Ashenzari
Cheibriados
Dithmenos
Elyvilon
Fedhas
Gozag
Hepliaklqana
Kikubaaqudgha
Makhleb
Nemelex Xobeh
Okawaru
Qazlal
Ru
Sif Muna
Trog
Uskayaw
Vehumet
Wu Jian
Xom
Yredelemnul
Zin
The Shining One

Shops:
D:5 *   D:6 (   D:8 (=

Annotations:
D:4 3 runed translucent doors, bmj180's ghost, amateur HOFi
D:5 2 runed translucent doors, Gwenloh's ghost, novice HOFi

, ,
#.###...##..#
, ,,
*#.......>#.##
, ,
####...)...#
***, , *
#.....### *
########...##
#......##.##
#.####.##.# *
* *#.####.##.#
,
,,#.#....J@.#
#.#.##.####
#.#.##.# ,,,
#......#
..J.....####
*###.##### ..
* ##


You could see a very large slime creature.


Message History

The very large slime creature is severely wounded.
The very large slime creature misses you.
Casting: Sandblast (safe; 0% risk of failure)
Confirm with . or Enter, or press ? or * to list all spells.
Aiming: Sandblast (safe; 0% risk of failure)
Press: ? - help, Shift-Dir - straight line, f/p - very large slime creature
Aim: a very large slime creature (severely wounded, 96% to hit)
The blast of sand hits the very large slime creature!
The very large slime creature is severely wounded.
You block the very large slime creature's attack.
Unknown command.
You see here a tengu corpse.
You hit the very large slime creature.
The very large slime creature is severely wounded.
A very large slime creature splits.
Two slime creatures merge to form a very large slime creature.
Casting: Sandblast (safe; 0% risk of failure)
Confirm with . or Enter, or press ? or * to list all spells.
Aiming: Sandblast (safe; 0% risk of failure)
Press: ? - help, Shift-Dir - straight line, f/p - very large slime creature
Aim: a very large slime creature (severely wounded, 96% to hit)
The blast of sand hits the very large slime creature!
The very large slime creature is severely wounded.
You hit the very large slime creature.
The very large slime creature is severely wounded.
You hit the very large slime creature but do no damage.
The very large slime creature is severely wounded.
The very large slime creature hits you!!!
Ouch! That really hurt!
You die...

Skill      XL: |  1  2  3  4  5  6  7  8  9 10 11 12 |
---------------+-------------------------------------+-----
Earth Magic    | 5 6 7 8 10 11 13 17 | 17.0
Spellcasting   | 2 3 4 10 11 | 11.0
Fighting       | 3 |  3.0
Evocations     | 2 3 |  3.1
Dodging        | 5 6 7 |  7.0
Armour         | 4 5 |  5.4
Shields        | 3 4 |  4.0
Translocations | 3 |  3.0
Stealth        | |  2.4
Transmutations | |  0.8

Action                   |  1- 3 |  4- 6 |  7- 9 | 10-12 || total
-------------------------+-------+-------+-------+-------++-------
Melee: Dagger            |    32 |    28 |   104 |   120 ||   284
Throw: Boomerang         |     2 |       |    12 |       ||    14
       Javelin           |     2 |       |     1 |       ||     3
 Cast: Sandblast         |    46 |    23 |    68 |   210 ||   347
       Passwall          |     3 |     2 |    15 |    27 ||    47
       Stone Arrow       |     1 |       |    50 |    94 ||   145
       Apportation       |       |       |       |     1 ||     1
 Abil: Heal Wounds       |       |       |     1 |       ||     1
Evoke: Wand              |       |     2 |     9 |    23 ||    34
  Use: Potion            |       |     1 |     7 |     1 ||     9
       Scroll            |       |       |    12 |     5 ||    17
 Stab: Sleeping          |       |     3 |     5 |     8 ||    16
Armor: Robe              |    11 |     7 |     5 |       ||    23
       Leather armour    |       |       |     5 |       ||     5
       Skin              |       |       |     5 |       ||     5
       Ring mail         |       |       |     1 |   112 ||   113
Dodge: Dodged            |    33 |    25 |    71 |   176 ||   305
Block: Buckler           |       |       |       |    46 ||    46

Levels and vault maps discovered:
D:1:      evilmike_arrival_crescent, layout_loops_ring,
          shapermc_ecumenical_altar_rom_forum
D:2:      layout_loops_cross, basic_altar, minmay_cut_off
D:3:      layout_basic, cheibrodos_sewer_entry_sluice, kennysheep_nondescript
D:4:      layout_loops_cross, gammafunk_ghost_split, uniq_menkaure
D:5:      layout_basic, ebering_ghost_sewer_f, nicolae_shop_overcharged_wands
D:6:      layout_basic, mainiacjoe_overflow_six_doors_small,
          minmay_temple_entry_glass, serial_shops, shop, st_stairs_6,
          palyth_stone_intersect
D:7:      corexii_shantytown, layout_loops_ring
D:8:      cheibrodos_ideogram_h, layout_layer_cave, serial_shops,
          kennysheep_little_box, hangedman_decor_points,
          minmay_shop_enchanted_jewellery, uniq_harold
D:9:      layout_roguey, lair_entry_dummy, minmay_tree_intersection
D:10:     layout_long_grid, minmay_liquid_box, item_on_display_a
D:11:     layout_basic, uniq_erica
D:12:     layout_loops_cross, erik_orc_2
Temple:   kilobyte_greek_temple

Notes
Turn   | Place    | Note
-------+----------+-------------------------------------------
     0 | D:1      | Irenicus the Deep Dwarf Earth Elementalist began the quest
                  | for the Orb.
     0 | D:1      | Reached XP level 1. HP: 15/15 MP: 3/3
   129 | D:1      | Reached XP level 2. HP: 22/22 MP: 1/4
   215 | D:1      | Found a faded altar of an unknown god.
   224 | D:1      | Got Plato's Tome of Attacks
   242 | D:1      | Reached skill level 5 in Earth Magic
   367 | D:1      | Learned a level 2 spell: Passwall
   485 | D:1      | Reached XP level 3. HP: 28/28 MP: 1/5
   543 | D:2      | Reached skill level 6 in Earth Magic
   708 | D:2      | Found a sparkling altar of Nemelex Xobeh.
   826 | D:2      | Reached skill level 2 in Spellcasting
   891 | D:2      | Learned a level 3 spell: Stone Arrow
   922 | D:2      | Reached XP level 4. HP: 30/36 MP: 1/7
  1089 | D:3      | Found a glowing drain.
  1106 | D:3      | You fall into a shaft and drop 3 floors!
  1106 | D:6      | Found Osaus's Weapon Emporium.
  1121 | D:6      | Reached skill level 7 in Earth Magic
  1121 | D:6      | Reached XP level 5. HP: 26/42 MP: 0/9
  1130 | D:6      | Found a snail-covered altar of Cheibriados.
  1150 | D:6      | Reached skill level 3 in Spellcasting
  1151 | D:6      | Noticed an ogre
  1154 | D:6      | Found a staircase to the Ecumenical Temple.
  1167 | D:6      | Killed an ogre
  1168 | D:6      | Reached XP level 6. HP: 31/49 MP: 0/11
  1188 | D:6      | Reached skill level 8 in Earth Magic
  1200 | D:6      | Reached skill level 4 in Spellcasting
  1205 | Temple   | Entered the Ecumenical Temple
  1242 | Temple   | Became a worshipper of Makhleb the Destroyer
  1289 | D:5      | Entered Level 5 of the Dungeon
  1304 | D:5      | Found a runed translucent door.
  1304 | D:5      | Noticed Gwenloh's ghost (novice HOFi)
  1309 | D:5      | Reached XP level 7. HP: 23/55 MP: 9/13
  1325 | D:5      | Reached skill level 9 in Earth Magic
  1460 | D:3      | Reached * piety under Makhleb
  1477 | Sewer    | Entered a sewer
  1585 | Sewer    | Reached ** piety under Makhleb
  1624 | Sewer    | Reached skill level 1 in Fighting
  1698 | Sewer    | Reached skill level 10 in Earth Magic
  1698 | Sewer    | Reached skill level 1 in Evocations
  1701 | Sewer    | Reached skill level 2 in Fighting
  1835 | D:3      | Reached skill level 2 in Evocations
  1958 | D:3      | Reached *** piety under Makhleb
  2210 | D:4      | Noticed Menkaure
  2215 | D:4      | Killed Menkaure
  2216 | D:4      | Reached skill level 3 in Fighting
  2216 | D:4      | Reached XP level 8. HP: 41/69 MP: 5/14
  2270 | D:4      | Found a runed translucent gate.
  2271 | D:4      | Found a runed translucent gate.
  2271 | D:4      | Found a runed translucent gate.
  2278 | D:4      | Noticed bmj180's ghost (amateur HOFi)
  2429 | D:4      | Reached skill level 3 in Evocations
  2435 | D:4      | Reached skill level 3 in Dodging
  2571 | D:5      | Reached skill level 4 in Dodging
  2571 | D:5      | Reached skill level 11 in Earth Magic
  2619 | D:5      | Reached skill level 5 in Dodging
  2633 | D:5      | Identified the +0 robe of Kikubaaqudgha's Fury {+Blink
                  | rCorr Stlth+}
  2760 | D:5      | Reached **** piety under Makhleb
  2772 | D:5      | Identified a potion of experience
  2772 | D:5      | Reached skill level 10 in Spellcasting
  2772 | D:5      | Gained mutation: You passively map the area around you.
                  | [Deep Dwarf growth]
  2772 | D:5      | Reached XP level 9. HP: 23/75 MP: 0/23
  2783 | D:5      | Identified 2 potions of resistance
  2785 | D:5      | Gained mutation: You sometimes lose the ability to read
                  | scrolls when taking damage. [potion of mutation]
  2785 | D:5      | Gained mutation: You are clumsy. (Dex -2) [potion of
                  | mutation]
  2785 | D:5      | Gained mutation: Your mind is acute. (Int +2) [potion of
                  | mutation]
  2868 | D:5      | HP: 4/75 [asphyx]
  2904 | D:5      | Found Zufab's Overcharged Wands.
  2956 | D:5      | Found a runed translucent door.
  3074 | D:6      | Identified the +6 ring mail of Stoicism {rPois Regen+ Int-3
                  | SInv}
  3250 | D:7      | Reached XP level 10. HP: 21/84 MP: 9/24
  3254 | D:7      | Reached skill level 12 in Earth Magic
  3287 | D:7      | Reached skill level 6 in Dodging
  3323 | D:7      | Reached skill level 1 in Armour
  3461 | D:7      | Reached skill level 2 in Armour
  3688 | D:7      | Reached ***** piety under Makhleb
  3901 | D:8      | Noticed Harold
  3919 | D:8      | Killed Harold
  3920 | D:8      | Reached skill level 3 in Armour
  3966 | D:8      | Found Coimpes's Jewellery Emporium.
  3987 | D:8      | Reached skill level 4 in Armour
  3999 | D:8      | Reached skill level 13 in Earth Magic
  4066 | D:8      | Reached skill level 1 in Shields
  4097 | D:8      | Noticed a green ugly thing
  4108 | D:8      | Killed a green ugly thing
  4109 | D:8      | Reached skill level 2 in Shields
  4364 | D:8      | Found Ecsius's Weapon Shoppe.
  4368 | D:8      | Reached skill level 3 in Shields
  4371 | D:8      | Bought 19 stones for 28 gold pieces
  4483 | D:8      | Noticed a two-headed ogre
  4491 | D:8      | a two-headed ogre changed into a dream sheep
  4496 | D:8      | Reached XP level 11. HP: 69/90 MP: 2/25
  4556 | D:8      | Reached skill level 4 in Shields
  4595 | D:8      | Reached skill level 14 in Earth Magic
  4763 | D:9      | Noticed a two-headed ogre
  4771 | D:9      | Killed a two-headed ogre
  4772 | D:9      | Reached skill level 15 in Earth Magic
  4885 | D:9      | Found a staircase to the Lair.
  4969 | D:9      | Identified the +1 ring mail "Ytiumoad" {Int+3}
  5065 | D:10     | Entered Level 10 of the Dungeon
  5139 | D:10     | Noticed a two-headed ogre
  5143 | D:10     | Killed a two-headed ogre
  5152 | D:10     | Paralysed by a hornet for 1 turns
  5256 | D:10     | Reached skill level 16 in Earth Magic
  5582 | D:10     | Learned a level 1 spell: Apportation
  5764 | D:11     | Reached skill level 1 in Translocations
  5796 | D:11     | Reached skill level 2 in Translocations
  5822 | D:11     | Noticed a boulder beetle
  5849 | D:11     | Killed a boulder beetle
  5850 | D:11     | Reached skill level 3 in Translocations
  5850 | D:11     | Reached skill level 17 in Earth Magic
  6025 | D:11     | Lost mutation: You are clumsy. (Dex -2) [potion of
                  | mutation]
  6025 | D:11     | Lost mutation: Your mind is acute. (Int +2) [potion of
                  | mutation]
  6025 | D:11     | Gained mutation: Your mind is acute. (Int +2) [potion of
                  | mutation]
  6025 | D:11     | Gained mutation: You are somewhat resistant to further
                  | mutation. [potion of mutation]
  6101 | D:11     | Noticed Erica
  6115 | D:11     | Killed Erica
  6345 | D:12     | Reached XP level 12. HP: 55/97 MP: 18/26
  6348 | D:12     | Reached skill level 11 in Spellcasting
  6372 | D:12     | Noticed a two-headed ogre
  6376 | D:12     | Killed a two-headed ogre
  6440 | D:12     | Noticed a tengu warrior
  6456 | D:12     | Reached skill level 5 in Armour
  6462 | D:12     | Killed a tengu warrior
  6487 | D:12     | Reached skill level 7 in Dodging
  6516 | D:12     | Mangled by a very large slime creature

Vanquished Creatures
  A boulder beetle (D:11)
  Harold (D:8)
  Erica (D:11)
  3 two-headed ogres
  A tengu warrior (D:12)
  A cyclops (D:12)
  An ugly thing (D:8)
  A manticore (D:12)
  2 unseen horrors
  3 kobold demonologists (D:10)
  An efreet (D:8)
  2 trolls (D:11)
  A hornet (D:10)
  2 slime creatures
  A dream sheep (D:8)
  2 shadows
  2 wyverns (D:8)
  A wraith (D:9)
  6 yaks (D:8)
  2 water elementals (D:12)
  A steam dragon (D:9)
  Menkaure (D:4)
  An acid dragon (D:11)
  A water moccasin (D:9)
  4 sky beasts
  2 orc warriors
  A hornet zombie (D:8)
  5 ogres
  2 ice beasts (D:8)
  2 black bears
  6 centaurs
  2 necrophages
  6 kobold brigands
  6 bullfrogs
  A water moccasin zombie (D:6)
  A wyvern skeleton (D:5)
  A water moccasin skeleton (D:6)
  12 killer bees
  A howler monkey (D:8)
  An electric eel (D:12)
  A bullfrog zombie (D:5)
  A jelly (D:4)
  5 centaur zombies
  2 hounds
  7 orc priests
  2 centaur skeletons (D:7)
  A gnoll shaman (D:10)
  An iguana (D:7)
  11 orc wizards
  A killer bee zombie (D:8)
  2 howler monkey zombies
  17 gnolls
  13 adders
  5 river rats
  A shadow imp (D:5)
  A white imp (D:7)
  2 ufetubi
  2 adder skeletons (D:4)
  2 worms (D:2)
  A dart slug (D:1)
  29 orcs
  25 ball pythons
  4 bats
  12 endoplasms
  4 giant cockroaches
  13 goblins
  10 hobgoblins
  11 jackals
  5 quokkas
  A frilled lizard (D:2)
  38 kobolds
  31 rats
353 creatures vanquished.

Vanquished Creatures (collateral kills)
  A tengu conjurer (D:12)
  An adder (D:5)
  A kobold (D:5)
3 creatures vanquished.

Vanquished Creatures (others)
  A kobold brigand (D:11)
  3 fungi (D:1)
4 creatures vanquished.

Grand Total: 360 creatures vanquished

Table legend: (Time is in decaauts)
 A = Elapsed time spent in this place.
 B = Non-inter-level travel time spent in this place.
 C = Inter-level travel time spent in this place.
 D = Time resting spent in this place.
 E = Time spent auto-exploring this place.
 F = Levels seen in this place.
 G = Mean time per level.
                   A        B        C        D        E       F      G
               +--------+--------+--------+--------+--------+-----+--------+
         Total |   6527 |   6386 |    141 |     25 |      0 |  14 |  466.2 |
       Dungeon |   6147 |   6026 |    121 |     25 |      0 |  12 |  512.2 |
        Temple |     84 |     64 |     20 |      0 |      0 |   1 |   84.0 |
         Sewer |    295 |    295 |      0 |      0 |      0 |   1 |  295.0 |
               +--------+--------+--------+--------+--------+-----+--------+

Top non-repeatable levels by time:
     D:8: 835 daAuts
     D:7: 639 daAuts
    D:11: 575 daAuts
    D:10: 560 daAuts
     D:3: 552 daAuts
     D:2: 522 daAuts
     D:5: 510 daAuts
     D:1: 491 daAuts
     D:4: 444 daAuts
     D:9: 395 daAuts
     D:6: 351 daAuts
   Sewer: 295 daAuts
    D:12: 269 daAuts
  Temple: 84 daAuts

Table legend:
 A = Non-vault XP
 B = Vault XP
 C = Vault XP percentage of total XP
 D = Non-vault monster count
 E = Vault monster count
 F = Vault count percentage of total count
                 A         B        C        D         E       F
            +---------+---------+-------+---------+---------+-------
      Total |   17559 |    5744 |  24.6 |     244 |     112 |  31.5
            +---------+---------+-------+---------+---------+-------
        D:1 |      43 |       0 |   0.0 |      22 |       0 |   0.0
        D:2 |      66 |       5 |   7.0 |      21 |       3 |  12.5
        D:3 |      41 |      42 |  50.6 |      22 |       4 |  15.4
        D:4 |     676 |     169 |  20.0 |      25 |       1 |   3.8
        D:5 |     962 |       0 |   0.0 |      26 |       0 |   0.0
        D:6 |     618 |      81 |  11.6 |      12 |       1 |   7.7
        D:7 |    1307 |     132 |   9.2 |      26 |      30 |  53.6
        D:8 |    1713 |    4171 |  70.9 |      27 |      24 |  47.1
        D:9 |    1570 |       0 |   0.0 |       7 |       0 |   0.0
       D:10 |    3269 |       0 |   0.0 |      23 |       0 |   0.0
       D:11 |    3275 |     847 |  20.5 |      22 |       1 |   4.3
       D:12 |    4019 |       0 |   0.0 |      11 |       0 |   0.0
      Sewer |       0 |     297 | 100.0 |       0 |      48 | 100.0
            +---------+---------+-------+---------+---------+-------
